 Dungeon Crawl Stone Soup version 0.28-a0-1002-gf00fe891ef (webtiles) character file.

Game seed: 16424937985243149154

275 avis the Insei (level 6, -10/30 HPs)
             Began as a Vine Stalker Transmuter on Dec 6, 2021.
             Mangled by Duvessa (16 damage)
             ... on level 5 of the Dungeon on Dec 7, 2021.
             The game lasted 00:16:06 (3924 turns).

avis the Insei (Vine Stalker Transmuter)            Turns: 3924, Time: 00:16:06

Health: -10/30     AC:  2    Str: 13    XL:     6   Next: 25%
Magic:  0/10       EV: 12    Int: 15    God:
Gold:   210        SH:  0    Dex: 14    Spells: 5/9 levels left

rFire   . . .      SeeInvis .     - Unarmed
rCold   . . .      Faith    .   (no shield)
rNeg    . . .      Spirit   +   a - +0 robe
rPois   .          Reflect  .   (no helmet)
rElec   .          Harm     .   (no cloak)
rCorr   .          Rampage  .   (no gloves)
Will    .....                   (no boots)
Stlth   +.........              (no amulet)
HPRegen 0.90/turn               g - ring of wizardry
MPRegen 0.12/turn               (no ring)

@: no status effects
A: fangs 2, regeneration 1, magic shield, antimagic bite, no potion heal 2
a: no special abilities


You were on level 5 of the Dungeon.
You visited 1 branch of the dungeon, and saw 5 of its levels.

You collected 210 gold pieces.

Inventory:

Hand Weapons
 z - a +0 hunting sling
Missiles
 c - 130 stones
 d - 66 arrows
 p - 10 poisoned darts
 v - 19 sling bullets
 y - 24 bolts
Armour
 a - a +0 robe (worn)
Magical Staves
 q - a staff of air
Jewellery
 g - a ring of wizardry (left hand)
 o - a ring of fire
 t - an amulet of the acrobat
Scrolls
 b - 8 scrolls of identify {unknown}
 h - a scroll of fear {unknown}
 i - 2 scrolls of vulnerability {unknown}
 l - 2 scrolls of teleportation {unknown}
 m - a scroll of enchant armour {unknown}
 r - a scroll of holy word {unknown}
 s - a scroll of amnesia {unknown}
 x - 2 scrolls of noise {unknown}
Potions
 e - 3 potions of curing {unknown}
 f - a potion of mutation {unknown}
 j - a potion of brilliance {unknown}
 k - a potion of magic {unknown}
 n - a potion of degeneration {unknown}
 u - a potion of flight {unknown}
 w - a potion of might {unknown}


   Skills:
 - Level 2.0 Fighting
 - Level 1.5 Dodging
 * Level 6.0 Unarmed Combat
 - Level 2.1 Spellcasting
 - Level 2.0 Transmutations
 - Level 2.0 Poison Magic


You had 5 spell levels left.
You knew the following spells:

 Your Spells              Type           Power      Damage    Failure   Level
a - Beastly Appendage     Tmut           14%        N/A       4%          1
p - Spider Form           Tmut/Pois      7%         N/A       12%         3

Your spell library contained the following spells:

 Spells                   Type           Power      Damage    Failure   Level
 Wereblood                Tmut           7%         N/A       6%          2
 Ice Form                 Ice/Tmut       4%         N/A       47%         4


Dungeon Overview and Level Annotations

Branches:
Dungeon (5/15)
 Temple: D:4-7

Altars:
Hepliaklqana
Sif Muna
Trog

Portals:
Abyss: D:4

Annotations:
D:4 2 transporters, fragbeetle's ghost, amateur GnWr
D:5 Duvessa


Innate Abilities, Weirdness & Mutations

You have extremely sharp teeth.
Your natural rate of healing is unusually fast.
When hurt, damage is shared between your health and your magic reserves.
Your bite disrupts and absorbs the magic of your enemies.
Potions cannot restore your health.


Message History

Dowan barely misses you.
You barely miss Dowan.
Dowan is lightly wounded.
Dowan closely misses you.
Duvessa says, "Where magic fails, the sword succeeds!"
You barely miss Dowan.
Dowan is lightly wounded.
Your transformation is almost over.
Dowan gestures at you while chanting. The puff of flame hits you!
You barely miss Dowan.
Dowan is moderately wounded.
Dowan says, "Stay away from my face!"
Dowan barely misses you.
You bite Dowan!
Dowan looks as sick as possible!
Dowan is severely wounded.
Dowan hits you with a +1 dagger of speed.
You hit Dowan.
Dowan looks as sick as possible!
Dowan is almost dead.
You kill Dowan!
Duvessa weeps, then rights herself and shakes her weapon.
Duvessa goes berserk!
Your Unarmed Combat skill increases to level 6!
You barely miss Duvessa. Duvessa hits you with a +0 rapier!
* * * LOW HITPOINT WARNING * * *
You hit Duvessa but do no damage.
Duvessa is poisoned.
Duvessa hits you with a +0 rapier.
* * * LOW HITPOINT WARNING * * *
Duvessa hits you with a +0 rapier.
* * * LOW HITPOINT WARNING * * *
Duvessa closely misses you.
Your transformation has ended.
Your +0 robe unmelds from your body.
Duvessa rages.
Duvessa misses you.
You see here 18 sling bullets.
Duvessa rages.
Duvessa hits you with a +0 rapier!
Ouch! That really hurt!
You die...

#### .... ....## #######
...... #.....# ....e#
#.....# ....e# #.....#
.$...#####.....#######..
....<....)..............
....######.....e@..##
........<#.....(...#
....###########....#
.... #....# .... #....#
#... #....# #... #....#
######


You could see Duvessa (berserk, very poisoned).

Vanquished Creatures
  A scorpion (D:4)
  Dowan (D:5)
  A hound (D:4)
  3 gnolls
  2 adders
  2 adder skeletons (D:4)
  2 worms
  2 dart slugs
  5 orcs
  9 bats
  8 endoplasms
  A giant cockroach (D:1)
  6 goblins
  3 hobgoblins
  6 quokkas
  10 ball pythons
  A frilled lizard (D:2)
  8 kobolds
  4 rats
75 creatures vanquished.

Vanquished Creatures (others)
  A plant (D:1)
1 creature vanquished.

Grand Total: 76 creatures vanquished

Notes
Turn   | Place    | Note
-------+----------+-------------------------------------------
     0 | D:1      | avis the Vine Stalker Transmuter began the quest for the
                  | Orb.
     0 | D:1      | Reached XP level 1. HP: 9/9 MP: 4/4
    62 | D:1      | Reached skill level 1 in Fighting
   131 | D:1      | Reached XP level 2. HP: 11/14 MP: 4/6
   592 | D:1      | Found a faded altar of an unknown god.
   604 | D:1      | Reached XP level 3. HP: 18/18 MP: 5/7
   627 | D:1      | Learned a level 3 spell: Spider Form
   998 | D:1      | Reached skill level 4 in Unarmed Combat
  1505 | D:1      | Gained mutation: Your natural rate of healing is unusually
                  | fast. [Vine Stalker growth]
  1505 | D:1      | Reached XP level 4. HP: 9/23 MP: 3/8
  2800 | D:3      | Found a shimmering blue altar of Sif Muna.
  2945 | D:4      | Found a transporter.
  2967 | D:4      | Reached skill level 5 in Unarmed Combat
  2967 | D:4      | Reached skill level 1 in Poison Magic
  2967 | D:4      | Reached XP level 5. HP: 26/26 MP: 9/9
  3307 | D:4      | Found a one-way gate to the infinite horrors of the Abyss.
  3310 | D:4      | Noticed a toenail golem
  3322 | D:4      | Noticed fragbeetle's ghost (amateur GnWr)
  3334 | D:4      | Found a transporter.
  3767 | D:4      | Found a hazy altar of Hepliaklqana.
  3783 | D:4      | Found a bloodstained altar of Trog.
  3818 | D:5      | Entered Level 5 of the Dungeon
  3847 | D:5      | Noticed Duvessa
  3847 | D:5      | Noticed Dowan
  3894 | D:4      | Reached XP level 6. HP: 15/30 MP: 6/10
  3915 | D:5      | Killed Dowan
  3916 | D:5      | Reached skill level 6 in Unarmed Combat
  3918 | D:5      | HP: 1/30 [Duvessa (1)]
  3924 | D:5      | Mangled by Duvessa

Illustrated notes

Levels and vault maps discovered:
D:1:      denvon_arrival_planthouse, layout_basic,
          ebering_ecumenical_altar_ruins
D:2:      layout_basic, minmay_ruptured
D:3:      layout_rooms, kennysheep_orc_sif_temple
D:4:      layout_loops_ring, mainiacjoe_overflow_swirl,
          gammafunk_ghost_abyssal_escape, minmay_strange_pillars
D:5:      layout_basic, mainiacjoe_overflow_paths,
          gammafunk_temple_overflow_wave, nicolae_ossuary_entry_plus,
          uniq_eustachio, uniq_crazy_yiuf_cottage, uniq_duvessa

Skill      XL: |  1  2  3  4  5  6 |
---------------+-------------------+-----
Fighting       | 1 2 |  2.0
Unarmed Combat | 4 5 6 |  6.0
Poison Magic   | 1 2 |  2.0
Dodging        | |  1.5
Spellcasting   | |  2.1
Transmutations | |  2.0

Action                   |  1- 3 |  4- 6 || total
-------------------------+-------+-------++-------
Melee: Unarmed           |    84 |    91 ||   175
       Bite              |    21 |    18 ||    39
       Kick              |    21 |    21 ||    42
       Headbutt          |    11 |    11 ||    22
       Punch             |       |     1 ||     1
 Cast: Beastly Appendage |    25 |    31 ||    56
       Spider Form       |       |     1 ||     1
 Stab: Sleeping          |     1 |     2 ||     3
Armor: Robe              |    17 |     9 ||    26
Dodge: Dodged            |    40 |    55 ||    95

Table legend: (Time is in decaauts)
 A = Elapsed time spent in this place.
 B = Non-inter-level travel time spent in this place.
 C = Inter-level travel time spent in this place.
 D = Time resting spent in this place.
 E = Time spent auto-exploring this place.
 F = Levels seen in this place.
 G = Mean time per level.
                   A        B        C        D        E       F      G
               +--------+--------+--------+--------+--------+-----+--------+
         Total |   3933 |   3378 |    555 |    545 |   1907 |   5 |  786.6 |
       Dungeon |   3933 |   3378 |    555 |    545 |   1907 |   5 |  786.6 |
               +--------+--------+--------+--------+--------+-----+--------+

Top non-repeatable levels by time:
     D:1: 1469 daAuts
     D:2: 936 daAuts
     D:4: 861 daAuts
     D:3: 639 daAuts
     D:5: 26 daAuts
